| TOP OF THE 1ST |
|
Fort Wayne TinCaps batting - Pitching for South Bend Cubs : RHP Roberto Cruz
|
|
Pitching: RHP Roberto Cruz
|
|
|
Batting: SHB Detlef Oursler
|
0-0: Ball 1-0: Ball 2-0: Ball 3-0: Called Strike 3-1: Foul Ball, location: 2F 3-2: Foul Ball, location: 2F 3-2: Ground out 6-3 (Groundball, 6, EV 111.9 MPH)
|
|
Batting: LHB Tony Contreras
|
0-0: Ball 1-0: Called Strike 1-1: Ball 2-1: Foul Ball, location: 2F 2-2: Foul Ball, location: 2F 2-2: Ball 3-2: Foul Ball, location: 2F 3-2: Ground out 3-1 (Groundball, 34, EV 78.8 MPH)
|
|
Batting: RHB Dave Cordero
|
0-0: Swinging Strike 0-1: Ball 1-1: Ground out 6-3 (Groundball, 56, EV 101.2 MPH)
|
| Top of the 1st over - 0 runs, 0 hits, 0 errors, 0 left on base; Fort Wayne 0 - South Bend 0 |
| BOTTOM OF THE 1ST |
|
South Bend Cubs batting - Pitching for Fort Wayne TinCaps : LHP Juan Lopez
|
|
Pitching: LHP Juan Lopez
|
|
|
Batting: RHB Andy Huntley
|
0-0: Ground out 6-3 (Groundball, 56, EV 101.9 MPH)
|
|
Batting: LHB Kwang-chih Men
|
0-0: Ground out U3 (Groundball, 3, EV 92.5 MPH)
|
|
Batting: RHB Roy Battist
|
0-0: Ball 1-0: Ball 2-0: Ball 3-0: Base on Balls
|
|
Batting: RHB Han-seung Hah
|
0-0: Fielders Choice at 2nd, 6-4 (Groundball, 6D, EV 98.8 MPH)
|
| Bottom of the 1st over - 0 runs, 0 hits, 0 errors, 1 left on base; Fort Wayne 0 - South Bend 0 |
| TOP OF THE 2ND |
|
Fort Wayne TinCaps batting - Pitching for South Bend Cubs : RHP Roberto Cruz
|
|
Batting: LHB Sean Trueblood
|
0-0: Called Strike 0-1: Ball 1-1: Swinging Strike 1-2: SOLO HOME RUN (Flyball, 89XD, EV 98.8 MPH), Distance : 414 ft
|
|
Batting: LHB Justin Alworth
|
0-0: Ball 1-0: Fly out, F7 (Flyball, 7, EV 85.6 MPH)
|
|
Batting: LHB Javy Portela
|
0-0: Ball 1-0: Ball 2-0: Foul Ball, location: 2F 2-1: Ball 3-1: Foul Ball, location: 2F 3-2: Foul Ball, location: 2F 3-2: Foul Ball, location: 2F 3-2: Base on Balls
|
|
Batting: LHB Ryan Anderson
|
0-0: Ball 1-0: Ball 2-0: Ball 3-0: Called Strike 3-1: Fly out, F8 (Flyball, 78M, EV 96.2 MPH)
|
|
Batting: RHB Danny Gallegos
|
0-0: Ball 1-0: Foul Ball, location: 2F 1-1: SINGLE (Groundball, 5D, EV 95.0 MPH) Javy Portela to second
|
|
Batting: RHB Marcus Dawson
|
0-0: Ball 1-0: Ground out U3 (Groundball, 13, EV 83.8 MPH)
|
| Top of the 2nd over - 1 run, 2 hits, 0 errors, 2 left on base; Fort Wayne 1 - South Bend 0 |
| BOTTOM OF THE 2ND |
|
South Bend Cubs batting - Pitching for Fort Wayne TinCaps : LHP Juan Lopez
|
|
Batting: RHB Puluke Konane
|
0-0: Ball 1-0: Called Strike 1-1: Foul Ball, location: 2F 1-2: Ball 2-2: Ball 3-2: Base on Balls
|
|
Batting: RHB Juan Bonilla
|
0-0: Ball Puluke Konane is caught stealing 2nd base 2-4 1-0: Called Strike 1-1: Ball 2-1: Ground out 4-3 (Groundball, 4S, EV 85.0 MPH)
|
|
Batting: RHB Dylan Burke
|
0-0: Called Strike 0-1: Called Strike 0-2: Fly out, F5 (Line Drive, 5L, EV 75.6 MPH)
|
| Bottom of the 2nd over - 0 runs, 0 hits, 0 errors, 0 left on base; Fort Wayne 1 - South Bend 0 |
| TOP OF THE 3RD |
|
Fort Wayne TinCaps batting - Pitching for South Bend Cubs : RHP Roberto Cruz
|
|
Batting: SHB Detlef Oursler
|
0-0: Called Strike 0-1: Swinging Strike 0-2: Strikes out swinging
|
|
Batting: LHB Tony Contreras
|
0-0: Ball 1-0: Called Strike 1-1: Ball 2-1: Ball 3-1: Fly out, F8 (Line Drive, 8LM, EV 94.4 MPH)
|
|
Batting: RHB Dave Cordero
|
0-0: Called Strike 0-1: Called Strike 0-2: Ball 1-2: Strikes out swinging
|
| Top of the 3rd over - 0 runs, 0 hits, 0 errors, 0 left on base; Fort Wayne 1 - South Bend 0 |
| BOTTOM OF THE 3RD |
|
South Bend Cubs batting - Pitching for Fort Wayne TinCaps : LHP Juan Lopez
|
|
Batting: LHB Adam Conover
|
0-0: Foul Ball, location: 2F 0-1: Foul Ball, location: 2F 0-2: Ball 1-2: Ball 2-2: DOUBLE (Line Drive, 3D, EV 96.9 MPH)
|
|
Batting: LHB Hiroki Yamamoto
|
0-0: Called Strike 0-1: Ground out 4-3 (Groundball, 4, EV 94.4 MPH) Adam Conover to third
|
|
Pitching: RHP Jaylen Johnson
|
|
|
Batting: RHB Andy Huntley
|
0-0: Foul Ball, location: 2F 0-1: Foul Ball, location: 2F 0-2: Ball 1-2: TRIPLE (Line Drive, 7D, EV 107.5 MPH) Adam Conover scores
|
|
Batting: LHB Kwang-chih Men
|
0-0: Ball 1-0: Ball 2-0: Called Strike 2-1: Ball 3-1: Foul Ball, location: 2F 3-2: Fly out, F6 (Popup, 4M, EV 53.8 MPH)
|
|
Batting: RHB Roy Battist
|
0-0: Foul Ball, location: 2F 0-1: Foul Ball, location: 2F 0-2: Strikes out swinging
|
| Bottom of the 3rd over - 1 run, 2 hits, 0 errors, 1 left on base; Fort Wayne 1 - South Bend 1 |
| TOP OF THE 4TH |
|
Fort Wayne TinCaps batting - Pitching for South Bend Cubs : RHP Roberto Cruz
|
|
Batting: LHB Sean Trueblood
|
0-0: Called Strike 0-1: Swinging Strike 0-2: Ball 1-2: SOLO HOME RUN (Flyball, 7LD, EV 96.9 MPH), Distance : 369 ft
|
|
Batting: LHB Justin Alworth
|
0-0: Ball 1-0: Called Strike 1-1: Ball 2-1: Called Strike 2-2: Ball 3-2: Fly out, F8 (Flyball, 8LM, EV 86.9 MPH)
|
|
Batting: LHB Javy Portela
|
0-0: Ball 1-0: Ball 2-0: Ball 3-0: Foul Ball, location: 2F 3-1: Called Strike 3-2: Strikes out looking
|
|
Batting: LHB Ryan Anderson
|
0-0: SOLO HOME RUN (Flyball, 9LD, EV 90.6 MPH), Distance : 347 ft
|
|
Batting: RHB Danny Gallegos
|
0-0: Called Strike 0-1: Foul Ball, location: 2F 0-2: Strikes out swinging
|
| Top of the 4th over - 2 runs, 2 hits, 0 errors, 0 left on base; Fort Wayne 3 - South Bend 1 |
| BOTTOM OF THE 4TH |
|
South Bend Cubs batting - Pitching for Fort Wayne TinCaps : RHP Jaylen Johnson
|
|
Batting: RHB Han-seung Hah
|
0-0: Ball 1-0: Ball 2-0: Ball 3-0: Base on Balls
|
|
Batting: RHB Puluke Konane
|
0-0: Called Strike 0-1: Ball 1-1: Foul Ball, location: 2F 1-2: Foul Ball, location: 2F 1-2: Foul Ball, location: 2F 1-2: Strikes out swinging
|
|
Batting: RHB Juan Bonilla
|
0-0: Ball Pickoff Throw to First - Out! 1-3 CS 1-0: Called Strike 1-1: Swinging Strike 1-2: Foul Ball, location: 2F 1-2: Foul Ball, location: 2F 1-2: Strikes out swinging
|
| Bottom of the 4th over - 0 runs, 0 hits, 0 errors, 0 left on base; Fort Wayne 3 - South Bend 1 |
| TOP OF THE 5TH |
|
Fort Wayne TinCaps batting - Pitching for South Bend Cubs : RHP Roberto Cruz
|
|
Batting: RHB Marcus Dawson
|
0-0: Called Strike 0-1: Foul Ball, location: 2F 0-2: Ball 1-2: Ball 2-2: SINGLE (Groundball, 6M, EV 99.4 MPH) (infield hit)
|
|
Pinch Runner at 1st Dustin Hartman:
|
|
|
Batting: SHB Detlef Oursler
|
0-0: Ball 1-0: Called Strike 1-1: Called Strike 1-2: Ball 2-2: Strikes out swinging
|
|
Pitching: LHP Alex Gandarilla
|
|
|
Batting: LHB Tony Contreras
|
0-0: Called Strike 0-1: Ball 1-1: Ball 2-1: Foul Ball, location: 2F 2-2: Ball 3-2: Base on Balls Dustin Hartman to second
|
|
Batting: RHB Dave Cordero
|
0-0: Called Strike 0-1: Called Strike 0-2: SINGLE (Line Drive, 6M, EV 103.1 MPH) Dustin Hartman to third Tony Contreras to second
|
|
Batting: LHB Sean Trueblood
|
0-0: Ball 1-0: Ball 2-0: Ball 3-0: Base on Balls Dustin Hartman scores Tony Contreras to third Dave Cordero to second
|
|
Batting: LHB Justin Alworth
|
0-0: Ball 1-0: Ball 2-0: Ball 3-0: Called Strike 3-1: Base on Balls Tony Contreras scores Dave Cordero to third Sean Trueblood to second
|
|
Batting: LHB Javy Portela
|
0-0: Ball 1-0: Ball 2-0: Called Strike 2-1: SINGLE (Groundball, 6MD, EV 102.5 MPH) Dave Cordero scores Sean Trueblood to third Justin Alworth to second
|
|
Batting: LHB Ryan Anderson
|
0-0: Called Strike 0-1: Called Strike 0-2: Ball 1-2: Strikes out swinging
|
|
Batting: RHB Danny Gallegos
|
0-0: Ball 1-0: SINGLE (Groundball, 6M, EV 101.2 MPH) (infield hit) Sean Trueblood scores Justin Alworth to third Javy Portela to second
|
|
Pitching: RHP Velimir Sljivancanin
|
|
|
Batting: RHB Dustin Hartman
|
0-0: Ball 1-0: Reached on error, E6 (Groundball, 6M, EV 103.1 MPH) Justin Alworth scores Javy Portela to third Danny Gallegos to second
|
|
Batting: SHB Detlef Oursler
|
0-0: Fielders Choice at 2nd, U4 (Groundball, 4M, EV 96.9 MPH)
|
| Top of the 5th over - 5 runs, 4 hits, 1 error, 3 left on base; Fort Wayne 8 - South Bend 1 |
| BOTTOM OF THE 5TH |
|
South Bend Cubs batting - Pitching for Fort Wayne TinCaps : RHP Jaylen Johnson
|
|
Now at 3B: Dustin Hartman
|
|
|
Batting: RHB Dylan Burke
|
0-0: Called Strike 0-1: Ball 1-1: Ball 2-1: Foul Ball, location: 2F 2-2: Ball 3-2: Foul Ball, location: 2F 3-2: Fly out, F8 (Flyball, 89M, EV 95.0 MPH)
|
|
Batting: LHB Adam Conover
|
0-0: Foul Ball, location: 2F 0-1: Ball 1-1: Ball 2-1: Fly out, F8 (Flyball, 8RXD, EV 106.2 MPH)
|
|
Batting: LHB Hiroki Yamamoto
|
0-0: Ground out 2-3 (Groundball, 15S, EV 62.5 MPH)
|
| Bottom of the 5th over - 0 runs, 0 hits, 0 errors, 0 left on base; Fort Wayne 8 - South Bend 1 |
| TOP OF THE 6TH |
|
Fort Wayne TinCaps batting - Pitching for South Bend Cubs : RHP Velimir Sljivancanin
|
|
Batting: LHB Tony Contreras
|
0-0: Ball 1-0: Called Strike 1-1: Ball 2-1: Foul Ball, location: 2F 2-2: Strikes out swinging
|
|
Batting: RHB Dave Cordero
|
0-0: Ground out 6-3 (Groundball, 56, EV 98.8 MPH)
|
|
Batting: LHB Sean Trueblood
|
0-0: Ball 1-0: Swinging Strike 1-1: Ball 2-1: Swinging Strike 2-2: Ball 3-2: Foul Ball, location: 2F 3-2: Foul Ball, location: 2F 3-2: Foul Ball, location: 2F 3-2: Strikes out swinging
|
| Top of the 6th over - 0 runs, 0 hits, 0 errors, 0 left on base; Fort Wayne 8 - South Bend 1 |
| BOTTOM OF THE 6TH |
|
South Bend Cubs batting - Pitching for Fort Wayne TinCaps : RHP Jaylen Johnson
|
|
Batting: RHB Andy Huntley
|
0-0: Ball 1-0: Ball 2-0: Foul Ball, location: 2F 2-1: Swinging Strike 2-2: Ball 3-2: Foul Ball, location: 2F 3-2: Fly out, F9 (Flyball, 89S, EV 86.2 MPH)
|
|
Batting: LHB Kwang-chih Men
|
0-0: Foul Ball, location: 2F 0-1: Ball 1-1: Ball 2-1: DOUBLE (Groundball, 3L, EV 111.9 MPH)
|
|
Batting: RHB Roy Battist
|
0-0: Called Strike 0-1: Ball 1-1: Swinging Strike 1-2: Strikes out swinging
|
|
Batting: RHB Han-seung Hah
|
0-0: Swinging Strike 0-1: Swinging Strike 0-2: Strikes out swinging
|
| Bottom of the 6th over - 0 runs, 1 hit, 0 errors, 1 left on base; Fort Wayne 8 - South Bend 1 |
| TOP OF THE 7TH |
|
Fort Wayne TinCaps batting - Pitching for South Bend Cubs : RHP Velimir Sljivancanin
|
|
Batting: LHB Justin Alworth
|
0-0: SINGLE (Groundball, 4S, EV 64.4 MPH) (infield hit)
|
|
Batting: LHB Javy Portela
|
0-0: Called Strike 0-1: 2-RUN HOME RUN (Flyball, 89XD, EV 108.1 MPH), Distance : 431 ft
|
|
Batting: LHB Ryan Anderson
|
0-0: Ball 1-0: Called Strike 1-1: Ball 2-1: Called Strike 2-2: Ball 3-2: Base on Balls
|
|
Pitching: RHP Rob Craft
|
|
|
Batting: RHB Danny Gallegos
|
0-0: Foul Ball, location: 2F 0-1: Ball 1-1: Ball 2-1: Ball 3-1: Base on Balls Ryan Anderson to second
|
|
Batting: RHB Dustin Hartman
|
0-0: Ball 1-0: Called Strike 1-1: Ball 2-1: Foul Ball, location: 2F 2-2: Fielders Choice at 2nd, 6-4 (Groundball, 56, EV 101.2 MPH) Ryan Anderson to third
|
|
Batting: SHB Detlef Oursler
|
0-0: Called Strike 0-1: Swinging Strike 0-2: Foul Ball, location: 2F 0-2: Ball 1-2: Strikes out swinging
|
|
Batting: LHB Tony Contreras
|
0-0: SINGLE (Line Drive, 8LS, EV 110.0 MPH) Ryan Anderson scores Dustin Hartman to second
|
|
Batting: RHB Dave Cordero
|
0-0: Fielders Choice at 2nd, 5-4 (Groundball, 5, EV 101.2 MPH)
|
| Top of the 7th over - 3 runs, 3 hits, 0 errors, 2 left on base; Fort Wayne 11 - South Bend 1 |
| BOTTOM OF THE 7TH |
|
South Bend Cubs batting - Pitching for Fort Wayne TinCaps : RHP Jaylen Johnson
|
|
Batting: RHB Josh Burns
|
0-0: Fly out, F8 (Flyball, 8RM, EV 92.5 MPH)
|
|
Batting: RHB Juan Bonilla
|
0-0: SINGLE (Line Drive, 7S, EV 106.2 MPH)
|
|
Pitching: RHP Juan Isidro
|
|
|
Batting: RHB Dylan Burke
|
0-0: Foul Ball, location: 2F 0-1: Swinging Strike 0-2: Strikes out swinging
|
|
Batting: LHB Adam Conover
|
0-0: Fly out, F8 (Flyball, 8RM, EV 95.6 MPH)
|
| Bottom of the 7th over - 0 runs, 1 hit, 0 errors, 1 left on base; Fort Wayne 11 - South Bend 1 |
| TOP OF THE 8TH |
|
Fort Wayne TinCaps batting - Pitching for South Bend Cubs : RHP Rob Craft
|
|
Batting: LHB Sean Trueblood
|
0-0: Called Strike 0-1: Swinging Strike 0-2: Fly out, F8 (Flyball, 89M, EV 89.4 MPH)
|
|
Batting: LHB Justin Alworth
|
0-0: Ball 1-0: Ball 2-0: Called Strike 2-1: Foul Ball, location: 2F 2-2: Foul Ball, location: 2F 2-2: Foul Ball, location: 2F 2-2: Strikes out swinging
|
|
Batting: LHB Javy Portela
|
0-0: Called Strike 0-1: Foul Ball, location: 2F 0-2: Ball 1-2: Ball 2-2: Ball 3-2: Foul Ball, location: 2F 3-2: Strikes out swinging
|
| Top of the 8th over - 0 runs, 0 hits, 0 errors, 0 left on base; Fort Wayne 11 - South Bend 1 |
| BOTTOM OF THE 8TH |
|
South Bend Cubs batting - Pitching for Fort Wayne TinCaps : RHP Juan Isidro
|
|
Batting: LHB Hiroki Yamamoto
|
0-0: SINGLE (Line Drive, 34D, EV 96.9 MPH)
|
|
Batting: RHB Andy Huntley
|
0-0: Foul Ball, location: 2F 0-1: Ball 1-1: Swinging Strike 1-2: Ball 2-2: Strikes out looking
|
|
Batting: LHB Kwang-chih Men
|
0-0: Ball 1-0: Ball Wild Pitch! Hiroki Yamamoto to second 2-0: Ball Wild Pitch! Hiroki Yamamoto to third 3-0: Called Strike 3-1: Foul Ball, location: 2F 3-2: Foul Ball, location: 2F 3-2: Base on Balls
|
|
Batting: RHB Roy Battist
|
0-0: Grounds into double play, 4-6-3 (Groundball, 4, EV 108.1 MPH)
|
| Bottom of the 8th over - 0 runs, 1 hit, 0 errors, 1 left on base; Fort Wayne 11 - South Bend 1 |
| TOP OF THE 9TH |
|
Fort Wayne TinCaps batting - Pitching for South Bend Cubs : RHP Rob Craft
|
|
Pitching: LHP Tom Mooney
|
|
|
Pinch Hitting: SHB Cesar Arteaga
|
0-0: Fly out, F7 (Flyball, 78S, EV 89.4 MPH)
|
|
Batting: RHB Danny Gallegos
|
0-0: Reached on error, E5 (Groundball, 56S, EV 86.2 MPH)
|
|
Batting: RHB Dustin Hartman
|
0-0: Called Strike 0-1: Foul Ball, location: 2F 0-2: SINGLE (Groundball, 6MD, EV 103.8 MPH) Danny Gallegos to third
|
|
Batting: SHB Detlef Oursler
|
0-0: Ball 1-0: Called Strike 1-1: Foul Ball, location: 2F 1-2: Foul Ball, location: 2F 1-2: Ball 2-2: Ball 3-2: Fielders Choice at 2nd, 5-4 (Groundball, 5, EV 104.4 MPH) Danny Gallegos scores
|
|
Batting: LHB Tony Contreras
|
0-0: Called Strike 0-1: SINGLE (Line Drive, 8LS, EV 95.0 MPH) Detlef Oursler to second Runner from 2nd tries for 3rd, SAFE, no throw by CF
|
|
Batting: RHB Dave Cordero
|
0-0: Ground out 5-3 (Groundball, 56S, EV 87.5 MPH)
|
| Top of the 9th over - 1 run, 2 hits, 1 error, 2 left on base; Fort Wayne 12 - South Bend 1 |
| BOTTOM OF THE 9TH |
|
South Bend Cubs batting - Pitching for Fort Wayne TinCaps : RHP Juan Isidro
|
|
Now at C: Brian Klinkner
|
|
|
Batting: RHB Han-seung Hah
|
0-0: DOUBLE (Line Drive, 78D, EV 110.0 MPH)
|
|
Batting: RHB Josh Burns
|
0-0: Ball Wild Pitch! Han-seung Hah to third 1-0: Ball 2-0: Called Strike 2-1: Swinging Strike 2-2: Ground out 6-3 (Groundball, 6S, EV 64.4 MPH) Han-seung Hah scores
|
|
Batting: RHB Juan Bonilla
|
0-0: Foul Ball, location: 2F 0-1: SINGLE (Line Drive, 8LS, EV 101.9 MPH)
|
|
Batting: RHB Dylan Burke
|
0-0: Ground out 5-3 (Groundball, 56S, EV 71.2 MPH) Juan Bonilla to second
|
|
Batting: LHB Adam Conover
|
0-0: Swinging Strike 0-1: Swinging Strike 0-2: Ball 1-2: Ball 2-2: Strikes out swinging
|
| Bottom of the 9th over - 1 run, 2 hits, 0 errors, 1 left on base; Fort Wayne 12 - South Bend 2 |
|